AoeStats
← El-Kiody

Nomad

509974618Analyzed
3v3 RM · 2d ago on Sep 28, 2026· 80m 44s· 6 players
Game mode
Random Map
Map size
210×210
Population
200
Speed
Normal
Resources
Standard
Victory
Conquest
Starting age
Dark Age
Ending age
Imperial Age
RankedLock teamsTeams togetherTeam positionsShared explorationLock speedFull tech treeHidden civsTurbo modeCheats
Victory
Defeat
🇨🇦 Turks · Canada
513
+13
🇮🇹 Spanish · Italy
444
+16
🇦🇷 Persians · Argentina
438
+17
🇺🇸 Slavs · United States
533
-18
🇺🇸 Byzantines · United States
510
-18
🇨🇭 Vietnamese · Switzerland
313
-10
JetTitan514
19:41 Feudal Age
27:47 Castle Age
26:30 Man-at-Arms
28:25 Bloodlines
29:17 Crossbowman
31:00 Scale Barding Armor
31:06 Forging
30:57 Scale Mail Armor
30:58 Padded Archer Armor
30:49 Fletching
41:55 Imperial Age
42:53 Elite Janissary
44:20 Chain Barding Armor
45:44 Elite Cannon Galleon
56:46 Wheelbarrow
71:16 Artillery
El-Kiody
17:22 Feudal Age
15:38 Loom
18:03 Horse Collar
18:14 Double-Bit Axe
19:29 Fishing Lines
21:06 Wheelbarrow
22:44 Bloodlines
27:25 Castle Age
27:23 Man-at-Arms
29:14 Stone Mining
29:14 Gold Mining
30:23 Arson
30:39 Squires
30:24 Gambesons
33:17 Medium Warships
33:51 Hand Cart
33:22 Town Watch
36:22 Bow Saw
36:17 Heavy Plow
39:38 Fervor
39:43 Pikeman
42:21 Husbandry
42:28 Caravan
47:54 Imperial Age
47:06 Stone Shaft Mining
47:15 Inquisition
50:42 Conscription
53:20 Heavy Warships
53:10 Fletching
53:20 Padded Archer Armor
53:26 Scale Barding Armor
53:32 Forging
53:23 Scale Mail Armor
54:40 Supremacy
57:08 Two-Man Saw
60:44 Halberdier
61:59 Elite Conquistador
68:34 Hoardings
68:23 Ballistics
68:00 Murder Holes
69:06 Chemistry
68:06 Bodkin Arrow
68:27 Leather Archer Armor
68:28 Chain Mail Armor
68:49 Iron Casting
68:35 Chain Barding Armor
68:42 Spies/Treason
74:04 Fortified Wall
73:47 Guard Tower
73:42 Arrowslits
74:01 Bracer
74:32 Ring Archer Armor
74:33 Plate Mail Armor
75:04 Blast Furnace
73:32 Elite Skirmisher
78:44 Plate Barding Armor
78:25 Careening
78:26 Clinker Construction
79:35 Light Cavalry
Daraco
4:57 Loom
6:01 Loom
16:01 Feudal Age
25:54 Castle Age
24:11 Stone Mining
24:09 Horse Collar
32:28 Fishing Lines
36:14 Heavy Plow
36:02 Double-Bit Axe
36:51 Gold Mining
37:36 Stone Shaft Mining
41:31 Imperial Age
39:49 Gold Shaft Mining
41:53 Kamandaran
42:14 Conscription
43:12 Chemistry
46:36 Elite War Elephant
47:16 Cavalier
48:29 Cavalier
50:49 Gillnets
51:05 Gillnets
52:25 Wheelbarrow
51:36 Town Watch
53:44 Hand Cart
56:47 Savar
57:32 Husbandry
58:15 Town Patrol
62:28 Bow Saw
62:50 Crop Rotation
64:21 Two-Man Saw
63:31 Scale Barding Armor
63:39 Forging
68:35 Chain Barding Armor
68:16 Padded Archer Armor
68:06 Fletching
68:52 Iron Casting
68:18 Scale Mail Armor
68:41 Ballistics
68:11 Guard Tower
68:27 Siphons
68:33 Masonry
Cy3747
12:48 Feudal Age
14:49 Horse Collar
19:10 Wheelbarrow
19:22 Double-Bit Axe
20:41 Stone Mining
27:18 Castle Age
29:17 Stone Shaft Mining
29:45 Squires
29:32 Arson
32:26 Bow Saw
32:39 Pikeman
33:40 Gold Mining
34:26 Gambesons
35:34 Hand Cart
36:37 Gold Shaft Mining
41:07 Imperial Age
40:36 Scale Mail Armor
40:47 Forging
40:50 Heavy Plow
42:11 Conscription
41:18 Halberdier
42:18 Caravan
48:30 Chain Mail Armor
48:50 Iron Casting
Max PaUra
3:57 Loom
23:54 Feudal Age
24:48 Fishing Lines
26:22 Wheelbarrow
25:47 Double-Bit Axe
29:09 Horse Collar
29:47 Man-at-Arms
30:13 Arson
30:52 Town Watch
31:41 Fletching
32:03 Forging
32:31 Padded Archer Armor
32:32 Scale Mail Armor
34:40 Gold Mining
39:43 Castle Age
38:58 Bloodlines
40:16 Pikeman
40:57 Squires
43:04 Stone Mining
44:40 Hand Cart
46:16 Crossbowman
48:09 Iron Casting
47:44 Scale Barding Armor
49:37 Gillnets
50:00 Medium Warships
52:11 Bow Saw
52:42 Treadmill Crane
52:54 Guard Tower
59:34 Devotion
59:55 Sanctity
61:00 Elite Skirmisher
63:37 Ballistics
63:08 Heated Shot
66:19 Imperial Age
64:02 Demolition Ship
65:08 Bodkin Arrow
Inky2163
16:23 Loom
19:03 Feudal Age
19:35 Fishing Lines
21:48 Double-Bit Axe
22:49 Wheelbarrow
24:49 Gold Mining
35:04 Castle Age
43:26 Demolition Ship
44:18 Medium Warships
45:23 Gillnets
49:13 Hand Cart
51:08 Man-at-Arms
51:49 Squires
52:28 Long Swordsman
54:02 Pikeman
56:42 Detinets
Connection lost

Rejoining the realm…

Still unreachable

The connection could not be restored.

Session expired

The server has moved on; the page needs a fresh start.